 Dungeon Crawl Stone Soup version 0.22-a0-429-g97ce8ef (webtiles) character file.

97573 HelenOfTrog the Thaumaturge (level 16, -6/123 HPs)
             Began as a Gnoll Ice Elementalist on May 25, 2018.
             Was the Champion of Ashenzari.
             Mangled by a guardian mummy (13 damage)
             ... on level 15 of the Dungeon.
             The game lasted 02:12:04 (32765 turns).

HelenOfTrog the Thaumaturge (GnIE)                 Turns: 32765, Time: 02:12:04

Health: -6/123     AC:  8    Str: 16    XL:     16   Next: 20%
Magic:  0/31       EV: 22    Int: 28    God:    Ashenzari [******]
Gold:   268        SH: 15    Dex: 17    Spells: 9/38 levels left

rFire    + + .     SeeInvis +   x - +7 trident "Orb Guardian's Doom" {drain, rPois}
rCold    + + .     Gourm    .   M - +0 shield (curse)
rNeg     + . .     Faith    .   s - +1 robe {rC+} (curse)
rPois    +         Spirit   .   b - +1 hat {MR+} (curse)
rElec    +         Reflect  +   (no cloak)
rCorr    +         Harm     .   o - +2 pair of gloves "Lialaffa" {rC+ rCorr Int+2} (curse)
MR       +++..     Clarity  +   q - +0 pair of boots (curse)
Stlth    ++++++....             B - +2 amulet of reflection (curse)
HPRegen  0.30/turn              y - ring of Amumeryu {rElec rF+ rN+ Int+4 Slay+3}
MPRegen  0.22/turn              C - ring of Okufinye {rPois MR+ Str+5 Int+3} (curse)

@: no status effects
A: distributed training, fangs 1, clarity, deformed body, dopey 2, fire
resistance 1, strong nose
a: Curse Item, Scrying, Renounce Religion


You were on level 15 of the Dungeon.
You worshipped Ashenzari.
Ashenzari was exalted by your worship.
You were hungry.

You visited 4 branches of the dungeon, and saw 24 of its levels.
You also visited: Bailey.

You collected 2939 gold pieces.
You spent 2671 gold pieces at shops.


Innate Abilities, Weirdness & Mutations

Your experience applies equally to all skills.
You have very sharp teeth.
Your uncanny sense of smell can sniff out nearby items.
You possess an exceptional clarity of mind.
Armour fits poorly on your strangely shaped body.
You are very dopey. (Int -4)
Your flesh is heat resistant. (rF+)


   Skills:
 + Level 10.4 Fighting
 + Level 10.4 Short Blades
 + Level 10.4 Long Blades
 + Level 10.4 Axes
 + Level 10.4 Maces & Flails
 + Level 10.4 Polearms
 + Level 10.4 Staves
 + Level 10.4 Slings
 + Level 10.4 Bows
 + Level 10.4 Crossbows
 + Level 10.4 Throwing
 + Level 10.4 Armour
 + Level 11.3(14.0) Dodging
 + Level 11.2(13.9) Stealth
 + Level 10.4(13.2) Shields
 + Level 10.4 Unarmed Combat
 + Level 11.5 Spellcasting
 + Level 9.1(12.0) Conjurations
 + Level 8.8(11.8) Hexes
 + Level 8.8(11.8) Charms
 + Level 8.8(11.8) Summonings
 + Level 8.8(11.8) Necromancy
 + Level 8.8(11.8) Translocations
 + Level 8.8(11.8) Transmutations
 + Level 8.8(11.8) Fire Magic
 + Level 10.3(13.1) Ice Magic
 + Level 8.8(11.8) Air Magic
 + Level 8.8(11.8) Earth Magic
 + Level 8.8(11.8) Poison Magic
 + Level 11.3 Invocations
 + Level 10.4(13.2) Evocations


You had 9 spell levels left.
You knew the following spells:

 Your Spells              Type           Power        Failure   Level  Hunger
a - Freeze                Ice            ####         1%          1    None
b - Throw Frost           Conj/Ice       ######       1%          2    None
c - Ozocubu's Armour      Chrm/Ice       ######..     1%          3    None
d - Summon Ice Beast      Ice/Summ       ######..     1%          4    None
e - Throw Icicle          Conj/Ice       ######..     1%          4    None
f - Call Canine Familiar  Summ           ######..     1%          3    None
h - Lee's Rapid Deconstr  Erth           ######....   1%          5    ###....
i - Passwall              Tmut/Erth      ######..     1%          2    None
j - Summon Mana Viper     Hex/Summ       ######..     1%          5    ###....

Your spell library contained the following spells:

 Spells                   Type           Power        Failure   Level  Hunger
 Confuse                  Hex            ######..     1%          3    None
 Summon Small Mammal      Summ           ####         1%          1    None
 Animate Dead             Necr           N/A          1%          4    None
 Call Imp                 Summ           ######..     1%          2    None
 Tukima's Dance           Hex            ######..     1%          3    None
 Stone Arrow              Conj/Erth      ######       1%          3    None
 Recall                   Summ/Tloc      N/A          1%          3    None
 Spider Form              Tmut/Pois      ######....   1%          3    None
 Blade Hands              Tmut           ######....   1%          5    ###....
 Ice Form                 Ice/Tmut       ######..     1%          4    None
 Death Channel            Necr           ######....   4%          6    #####..
 Sticks to Snakes         Tmut           ######..     1%          2    None
 Ensorcelled Hibernation  Hex/Ice        ######       1%          2    None
 Summon Butterflies       Summ           ######..     1%          1    None
 Corona                   Hex            ######.      1%          1    None
 Sandblast                Erth           ######       1%          1    None
 Simulacrum               Ice/Necr       ######....   3%          6    #####..
 Petrify                  Tmut/Erth      ######..     1%          4    None
 Summon Hydra             Summ           ######....   28%         7    ######.
 Beastly Appendage        Tmut           ######       1%          1    None
 Dazzling Spray           Conj/Hex       ######       1%          3    None
 Summon Lightning Spire   Summ/Air       ######..     1%          4    None
 Summon Guardian Golem    Hex/Summ       ######..     1%          3    None
 Borgnjor's Vile Clutch   Necr/Erth      ######....   1%          5    ###....


Dungeon Overview and Level Annotations

Branches:
Dungeon (15/15)            Temple (1/1) D:4            Lair (6/6) D:9
  Swamp (0/4) Lair:3       Spider (0/4) Lair:3        Slime (0/5) Lair:6
    Orc (2/2) D:12            Elf (0/3) Orc:2        Vaults (0/5) D:13
 Depths: D:15

Altars:
Ashenzari
Cheibriados
Dithmenos
Elyvilon
Fedhas
Gozag
Hepliaklqana
Kikubaaqudgha
Makhleb
Nemelex Xobeh
Okawaru
Qazlal
Ru
Sif Muna
Trog
Uskayaw
Vehumet
Wu Jian
Xom
Yredelemnul
Zin
The Shining One
Beogh
Jiyva

Shops:
D:7 *   D:8 [}?(   D:15 *   Orc:2 ([==(

Inventory:

Hand Weapons
 v - the cursed +1 war axe of Dullness {freeze, rElec Stlth+}
   (You bought it in a shop on level 8 of the Dungeon)

   It has been specially enchanted to freeze those struck by it, causing extra
   injury to most foes and up to half again as much damage against particularly
   susceptible opponents.
   It can also slow down cold-blooded creatures.
   It insulates you from electricity.
   It makes you more stealthy.
   It has a curse placed upon it.
 x - the +7 trident "Orb Guardian's Doom" (weapon) {drain, rPois}
   (You bought it in a shop on level 2 of the Orcish Mines)

   A truly terrible weapon, it drains the life of those it strikes.
   It protects you from poison.
 F - a +3 demon blade of draining
   (You acquired it on level 5 of the Lair of Beasts)
Missiles
 P - 5 javelins of returning (quivered)
 Z - 6 throwing nets
Armour
 b - a cursed +1 hat of magic resistance (worn)
   (You took it off Gastronok on level 2 of the Lair of Beasts)
 o - the cursed +2 pair of gloves "Lialaffa" (worn) {rC+ rCorr Int+2}
   (You acquired it on level 2 of the Lair of Beasts)

   It affects your intelligence (+2).
   It protects you from cold.
   It protects you from acid and corrosion.
   It has a curse placed upon it.
 q - a cursed +0 pair of boots (worn)
 s - a cursed +1 robe of cold resistance (worn)
   (You took it off Fannar on level 9 of the Dungeon)
 M - a cursed +0 shield (worn)
Jewellery
 a - an uncursed ring of stealth
 k - a +3 ring of dexterity
 y - the ring of Amumeryu (left hand) {rElec rF+ rN+ Int+4 Slay+3}
   (You bought it in a shop on level 2 of the Orcish Mines)

   [ring of protection from fire]

   It affects your intelligence (+4).
   It affects your accuracy and damage with ranged weapons and melee attacks
   (+3).
   It protects you from fire.
   It insulates you from electricity.
   It protects you from negative energy.
 A - an uncursed ring of ice
 B - a cursed +2 amulet of reflection (around neck)
 C - the cursed ring of Okufinye (right hand) {rPois MR+ Str+5 Int+3}
   (You bought it in a shop on level 2 of the Orcish Mines)

   [ring of strength]

   It affects your strength (+5).
   It affects your intelligence (+3).
   It protects you from poison.
   It affects your resistance to hostile enchantments.
   It has a curse placed upon it.
Wands
 r - a wand of scattershot (9)
 u - a wand of polymorph (24)
 E - a wand of iceblast (33)
 H - a wand of paralysis (4)
 Q - a wand of acid (27)
 W - a wand of digging (41)
Scrolls
 e - 4 scrolls of teleportation {@r4}
 g - a scroll of enchant weapon
 h - a scroll of fear
 G - 3 scrolls of vulnerability {!r}
 L - a scroll of magic mapping
 O - 6 scrolls of identify {@r9}
 R - 2 scrolls of enchant armour
 V - a scroll of fog
 Y - 3 scrolls of silence
Potions
 m - 2 potions of magic
 n - a potion of curing {@q1}
 w - 4 potions of berserk rage
 z - 2 potions of brilliance
 J - 4 potions of might
 K - 3 potions of ambrosia {!e}
 N - 3 potions of haste {@q3}
 S - 3 potions of cancellation
 T - a potion of resistance
 U - 3 potions of flight
 X - 2 potions of agility
Miscellaneous
 p - a fan of gales (inert)
 I - a lamp of fire
Comestibles
 c - 42 rations

*,, ,....... ****
..,,,....... ,
.......* ...,,
.u..... ,
.......#####... ,
....... *, ,
.....YMY.....
....... *,
,.....l...... , ,,
...W. ,,
......\...# * *#..
* , ......(..(#
{,, ,, ,#.. ,
,.....%.Mcu# * **
#.. * *
*########@.#,# ,#
#.. #..#.#,**
*,#.#.. #..#.#
*{{{*,#.#..
#..'.#,*{, ,#.'..
#..#.# ,{ #.#..
#..#.#,*****,#.#.)
#..#,# ,#,#..
#..#.'#######'.#.#
#..#..)........#.#


You could see a purple ugly thing (fleeing), a centaur warrior, 2 guardian
mummies, a wyvern (fleeing) and 2 friendly ice beasts.


Message History

Anything else - Cancel.
Gang up on whom?
Aim: a guardian mummy (heavily damaged) Attack!
The wyvern misses you. You block the guardian mummy's attack.
The white ugly thing bites you.
* * * LOW HITPOINT WARNING * * *
The white ugly thing freezes you! You resist.
* * * LOW HITPOINT WARNING * * *
The purple ugly thing trunk-slaps you.
* * * LOW HITPOINT WARNING * * *
You block the wyvern's attack.
Your ice beast hits the guardian mummy.
Your ice beast freezes the guardian mummy.
The guardian mummy resists.
You feel better.
The centaur warrior shoots an arrow.
The arrow hits you.
* * * LOW HITPOINT WARNING * * *
The wyvern completely misses you.
You block the white ugly thing's attack.
The guardian mummy misses you. The purple ugly thing misses you.
The centaur warrior shoots an arrow.
The arrow hits you!
* * * LOW HITPOINT WARNING * * *
You feel better. You block the wyvern's attack.
The guardian mummy hits your ice beast!!
The white ugly thing completely misses you.
You block the purple ugly thing's attack.
The centaur warrior shoots an arrow.
The arrow misses you. You block the wyvern's attack.
The guardian mummy misses you.
Your ice beast hits the guardian mummy.
Your ice beast freezes the guardian mummy.
The guardian mummy resists.
Evoke which item? (* to show all) (? for menu, Esc to quit)
A fierce wind blows from the fan.
The monsters around you are blown away!
The centaur warrior shoots an arrow.
You reflect the arrow off an invisible shield around you!
The arrow hits the centaur warrior!
Unknown command.
Evoke which item? (* to show all) (? for menu, Esc to quit)
Aiming: Scattershot The burst of metal fragments hits the guardian mummy. x2
The burst of metal fragments hits the white ugly thing.
You kill the white ugly thing!
The guardian mummy is severely damaged.
The centaur warrior shoots an arrow.
The arrow hits you!
* * * LOW HITPOINT WARNING * * *
Unknown command.
You feel better.
The centaur warrior shoots an arrow.
You reflect the arrow off an invisible shield around you!
The arrow hits the centaur warrior!
Your ice beast hits the guardian mummy.
Your ice beast freezes the guardian mummy.
The guardian mummy resists.
The guardian mummy hits your ice beast!
Your icy armour cracks and falls away as you move.
The centaur warrior shoots an arrow.
The arrow completely misses you.
You see here an arrow.
Unknown command.
Casting: Summon Ice Beast (safe; 1% risk of failure)
Aiming: Throw Icicle (safe; 1% risk of failure)
Aim: a guardian mummy (severely damaged)
The shard of ice hits the guardian mummy.
The guardian mummy partially resists.
The guardian mummy is severely damaged.
The centaur warrior shoots an arrow.
The arrow hits you!
* * * LOW HITPOINT WARNING * * *
The guardian mummy hits your ice beast. The guardian mummy hits you!
* * * LOW HITPOINT WARNING * * *
Unknown command.
As you read the scroll of fear, it crumbles to dust.
You assume a fearsome visage.
The guardian mummy is unaffected. x2
The purple ugly thing looks frightened!
The wyvern looks frightened!
The centaur warrior easily resists.
The centaur warrior closely misses you. The guardian mummy hits you!
You die...

Action                   |  1- 3 |  4- 6 |  7- 9 | 10-12 | 13-15 | 16-18 || total
-------------------------+-------+-------+-------+-------+-------+-------++-------
Melee: Unarmed           |    53 |    14 |   106 |       |       |       ||   173
       Bite              |    11 |       |    35 |    56 |   177 |     9 ||   288
       Whip              |       |       |   196 |   446 |    61 |       ||   703
       Demon blade       |       |       |       |       |  1355 |       ||  1355
       Dagger            |       |       |       |       |    20 |       ||    20
       Trident           |       |       |       |       |    24 |    54 ||    78
 Cast: Freeze            |    40 |    98 |   122 |   172 |    78 |    15 ||   525
       Ozocubu's Armour  |       |    11 |    21 |    32 |    30 |     3 ||    97
       Summon Ice Beast  |       |       |    17 |    93 |    58 |     6 ||   174
       Call Canine Famil |       |       |     4 |       |       |     1 ||     5
       Throw Icicle      |       |       |     4 |    30 |   140 |    21 ||   195
       Throw Frost       |       |       |       |    38 |    66 |     1 ||   105
       Borgnjor's Vile C |       |       |       |       |     4 |       ||     4
       Lee's Rapid Decon |       |       |       |       |     6 |     4 ||    10
       Summon Mana Viper |       |       |       |       |       |     2 ||     2
       Passwall          |       |       |       |       |       |     1 ||     1
Invok: Curse Item        |       |     1 |     3 |     4 |     4 |     1 ||    13
Evoke: Wand              |       |       |       |     6 |    18 |     1 ||    25
       Lamp of fire      |       |       |       |       |     3 |       ||     3
       Phantom mirror    |       |       |       |       |     1 |       ||     1
       Fan of gales      |       |       |       |       |       |     1 ||     1
  Use: Scroll            |       |    13 |     2 |    12 |    12 |     2 ||    41
       Potion            |       |       |     4 |     2 |     9 |     3 ||    18
 Stab: Sleeping          |     2 |       |     3 |     7 |    53 |       ||    65
       Paralysed         |       |       |       |       |    20 |       ||    20
       Distracted        |       |       |       |       |    14 |       ||    14
  Eat: Chunk             |       |     7 |    12 |    23 |    51 |     3 ||    96
       Ration            |       |       |     1 |     5 |     2 |       ||     8
Armor: Robe              |    18 |       |       |       |   134 |    17 ||   169
       Leather armour    |     4 |    27 |   104 |   148 |    34 |       ||   317
Dodge: Dodged            |    58 |    55 |   236 |   441 |   709 |    79 ||  1578
Block: Buckler           |       |    19 |   143 |   251 |    29 |       ||   442
       Reflection        |       |     1 |     1 |     9 |    21 |     4 ||    36
       Shield            |       |       |       |       |   801 |    90 ||   891
       Rpst.: Demon blade |       |       |       |       |   161 |       ||   161

Vault maps used:
D:1:      dpeg_arrival_pond, minmay_pentomino_z4
D:2:      grunt_temple_overflow_order_and_chaos_2,
          lemuel_coloured_pillars_altar, first_ration
D:3:      chequers_temple_overflow_statue_of_worship, kennysheep_another_room,
          nicolae_tso_swordbearing_angel
D:4:      minmay_temple_entry_purple_smoke, corexii_shack
D:5:      grunt_temple_overflow_bloody_war
D:6:      slow_altar_2
D:7:      serial_shops, shop_fountains, tgw_trog
D:8:      nemelex_altar_shiori, basic_altar, enter_bailey_2, serial_shops, shop,
          shop, shop, shop
D:9:      lair_entry_dummy
D:10:     uniq_erolcha, uniq_joseph
D:11:     minmay_ice_pillars, the_bakery, kennysheep_small_spiral
D:12:     erik_orc_3, basic_altar
D:13:     grunt_vaults_entry_fortified, st_stairs_7
D:14:     kennysheep_doodads, palyth_stone_intersect
D:15:     hangedman_depths_entry_try_elsewhere_first, serial_shops, shop,
          serial_park_gazebo, serial_glass, glass_columns_a, glass_columns_a,
          minmay_guarded_unrand_curses
Temple:   dshaligram_water_room_temple
Lair:1:   grunt_megastairs_4, serial_bayou_shore_b, uniq_fannar,
          uniq_prince_ribbit2, uniq_grum
Lair:2:   uniq_gastronok
Lair:3:   minmay_swamp_entry_swarm, nicolae_spider_entry_orb_guardian,
          hibernation_bobbens, uniq_nergalle, uniq_harold
Lair:4:   serial_bayou_shore_a, grunt_megastairs_3, lemuel_fruit_fields,
          uniq_urug
Lair:5:   uniq_josephine
Lair:6:   guppyfry_lair_end_dragon, hangedman_lair_caniforms_friends,
          slime_altar_1, bh_autumn_forest_stairs, patterned_corridor,
          serial_bayou_shore_b
Orc:1:    nicolae_alphabet_shops
Orc:2:    grunt_orc_community_town_hall, grunt_orc_community_big_house_2,
          grunt_orc_community_big_house_2, grunt_orc_community_house_1,
          grunt_orc_community_house_2, grunt_orc_community_house_3,
          grunt_orc_community_house_2, serial_shops, shop,
          david_defended_altar_orc
Bailey:   bailey_polearm_3, bailey

Notes
Turn   | Place    | Note
-------+----------+-------------------------------------------
     0 | D:1      | HelenOfTrog the Gnoll Ice Elementalist began the quest for the Orb.
     0 | D:1      | Reached XP level 1. HP: 13/13 MP: 6/6
    34 | D:1      | Reached skill level 2 in Conjurations
    53 | D:1      | Reached XP level 2. HP: 11/19 MP: 0/7
   356 | D:1      | Learned a level 2 spell: Throw Frost
   486 | D:1      | Reached XP level 3. HP: 25/25 MP: 2/9
   491 | D:1      | Learned a level 3 spell: Ozocubu's Armour
   544 | D:1      | Reached skill level 5 in Spellcasting
   771 | D:2      | Reached skill level 1 in Invocations
   850 | D:2      | Reached skill level 1 in Fighting
   850 | D:2      | Reached skill level 1 in Short Blades
   850 | D:2      | Reached skill level 1 in Long Blades
   850 | D:2      | Reached skill level 1 in Axes
   850 | D:2      | Reached skill level 1 in Maces & Flails
   850 | D:2      | Reached skill level 1 in Polearms
   850 | D:2      | Reached skill level 1 in Staves
   850 | D:2      | Reached skill level 1 in Slings
   850 | D:2      | Reached skill level 1 in Bows
   850 | D:2      | Reached skill level 1 in Crossbows
   850 | D:2      | Reached skill level 1 in Throwing
   850 | D:2      | Reached skill level 1 in Armour
   850 | D:2      | Reached skill level 1 in Shields
   850 | D:2      | Reached skill level 1 in Unarmed Combat
   850 | D:2      | Reached skill level 1 in Evocations
   883 | D:2      | Reached XP level 4. HP: 23/32 MP: 6/11
  1037 | D:2      | Found a burning altar of Makhleb.
  1046 | D:2      | Found a glowing silver altar of Zin.
  1175 | D:2      | Noticed an angel
  1176 | D:2      | Noticed a blizzard demon
  1200 | D:2      | Found a basalt altar of Yredelemnul.
  1298 | D:2      | Reached skill level 1 in Hexes
  1298 | D:2      | Reached skill level 1 in Charms
  1298 | D:2      | Reached skill level 1 in Summonings
  1298 | D:2      | Reached skill level 1 in Necromancy
  1298 | D:2      | Reached skill level 1 in Translocations
  1298 | D:2      | Reached skill level 1 in Transmutations
  1298 | D:2      | Reached skill level 1 in Fire Magic
  1298 | D:2      | Reached skill level 1 in Air Magic
  1298 | D:2      | Reached skill level 1 in Earth Magic
  1298 | D:2      | Reached skill level 1 in Poison Magic
  1427 | D:2      | Reached XP level 5. HP: 37/37 MP: 6/12
  1433 | D:2      | Learned a level 4 spell: Summon Ice Beast
  1644 | D:3      | Found a white marble altar of Elyvilon.
  1644 | D:3      | Found an ancient bone altar of Kikubaaqudgha.
  2230 | D:3      | Reached XP level 6. HP: 44/44 MP: 9/13
  2299 | D:3      | Found a glowing golden altar of the Shining One.
  2480 | D:4      | Reached skill level 2 in Invocations
  2656 | D:4      | Found a staircase to the Ecumenical Temple.
  2665 | Temple   | Entered the Ecumenical Temple
  2714 | Temple   | Became a worshipper of Ashenzari the Shackled
  2911 | D:4      | Reached skill level 2 in Fighting
  2911 | D:4      | Reached skill level 2 in Short Blades
  2911 | D:4      | Reached skill level 2 in Long Blades
  2911 | D:4      | Reached skill level 2 in Axes
  2911 | D:4      | Reached skill level 2 in Maces & Flails
  2911 | D:4      | Reached skill level 2 in Polearms
  2911 | D:4      | Reached skill level 2 in Staves
  2911 | D:4      | Reached skill level 2 in Slings
  2911 | D:4      | Reached skill level 2 in Bows
  2911 | D:4      | Reached skill level 2 in Crossbows
  2911 | D:4      | Reached skill level 2 in Throwing
  2911 | D:4      | Reached skill level 2 in Armour
  2911 | D:4      | Reached skill level 5 in Dodging
  2911 | D:4      | Reached skill level 2 in Shields
  2911 | D:4      | Reached skill level 2 in Unarmed Combat
  2911 | D:4      | Reached skill level 2 in Evocations
  3212 | D:5      | Entered Level 5 of the Dungeon
  3226 | D:5      | Learned a level 4 spell: Throw Icicle
  3233 | D:5      | Noticed a sky beast
  3243 | D:5      | Killed a sky beast
  3243 | D:5      | Reached XP level 7. HP: 49/50 MP: 1/15
  3372 | D:5      | Reached skill level 2 in Hexes
  3372 | D:5      | Reached skill level 2 in Charms
  3372 | D:5      | Reached skill level 2 in Summonings
  3372 | D:5      | Reached skill level 2 in Necromancy
  3372 | D:5      | Reached skill level 2 in Translocations
  3372 | D:5      | Reached skill level 2 in Transmutations
  3372 | D:5      | Reached skill level 2 in Fire Magic
  3372 | D:5      | Reached skill level 2 in Air Magic
  3372 | D:5      | Reached skill level 2 in Earth Magic
  3372 | D:5      | Reached skill level 2 in Poison Magic
  3446 | D:5      | Learned a level 3 spell: Call Canine Familiar
  3462 | D:5      | Reached skill level 3 in Conjurations
  3580 | D:5      | Reached skill level 5 in Stealth
  3580 | D:5      | Reached skill level 3 in Invocations
  3727 | D:5      | Found a bloodstained altar of Trog.
  3727 | D:5      | Found an iron altar of Okawaru.
  4019 | D:6      | Reached XP level 8. HP: 52/57 MP: 12/16
  4093 | D:6      | Reached skill level 6 in Ice Magic
  4185 | D:6      | Reached skill level 3 in Fighting
  4185 | D:6      | Reached skill level 3 in Short Blades
  4185 | D:6      | Reached skill level 3 in Long Blades
  4185 | D:6      | Reached skill level 3 in Axes
  4185 | D:6      | Reached skill level 3 in Maces & Flails
  4185 | D:6      | Reached skill level 3 in Polearms
  4185 | D:6      | Reached skill level 3 in Staves
  4185 | D:6      | Reached skill level 3 in Slings
  4185 | D:6      | Reached skill level 3 in Bows
  4185 | D:6      | Reached skill level 3 in Crossbows
  4185 | D:6      | Reached skill level 3 in Throwing
  4185 | D:6      | Reached skill level 3 in Armour
  4185 | D:6      | Reached skill level 3 in Shields
  4185 | D:6      | Reached skill level 3 in Unarmed Combat
  4185 | D:6      | Reached skill level 3 in Evocations
  4235 | D:6      | Reached skill level 6 in Spellcasting
  4314 | D:6      | Found a snail-covered altar of Cheibriados.
  5046 | D:7      | Reached skill level 3 in Hexes
  5046 | D:7      | Reached skill level 3 in Charms
  5046 | D:7      | Reached skill level 3 in Summonings
  5046 | D:7      | Reached skill level 3 in Necromancy
  5046 | D:7      | Reached skill level 3 in Translocations
  5046 | D:7      | Reached skill level 3 in Transmutations
  5046 | D:7      | Reached skill level 3 in Fire Magic
  5046 | D:7      | Reached skill level 3 in Air Magic
  5046 | D:7      | Reached skill level 3 in Earth Magic
  5046 | D:7      | Reached skill level 3 in Poison Magic
  5046 | D:7      | Reached skill level 4 in Invocations
  5076 | D:7      | Noticed a moth of wrath
  5078 | D:7      | Found a bloodstained altar of Trog.
  5290 | D:7      | Reached skill level 6 in Dodging
  5290 | D:7      | Reached XP level 9. HP: 44/65 MP: 6/18
  5682 | D:7      | Reached skill level 4 in Fighting
  5682 | D:7      | Reached skill level 4 in Short Blades
  5682 | D:7      | Reached skill level 4 in Long Blades
  5682 | D:7      | Reached skill level 4 in Axes
  5682 | D:7      | Reached skill level 4 in Maces & Flails
  5682 | D:7      | Reached skill level 4 in Polearms
  5682 | D:7      | Reached skill level 4 in Staves
  5682 | D:7      | Reached skill level 4 in Slings
  5682 | D:7      | Reached skill level 4 in Bows
  5682 | D:7      | Reached skill level 4 in Crossbows
  5682 | D:7      | Reached skill level 4 in Throwing
  5682 | D:7      | Reached skill level 4 in Armour
  5682 | D:7      | Reached skill level 4 in Shields
  5682 | D:7      | Reached skill level 4 in Unarmed Combat
  5682 | D:7      | Reached skill level 4 in Conjurations
  5682 | D:7      | Reached skill level 4 in Evocations
  5786 | D:7      | Reached * piety under Ashenzari
  6053 | D:7      | Reached skill level 6 in Stealth
  6207 | D:7      | Found Bahoikla's General Store.
  6253 | D:7      | Bought a wand of acid (9) for 338 gold pieces
  6421 | D:8      | Found Vatek's Antique Weapon Shoppe.
  6430 | D:8      | Found a flagged portal.
  6438 | Bailey   | Entered a bailey
  6444 | Bailey   | Noticed a deep elf mage
  6464 | Bailey   | Killed a deep elf mage
  6528 | Bailey   | Noticed a deep elf mage
  6529 | Bailey   | Noticed a deep elf mage
  6529 | Bailey   | Noticed a deep elf mage
  6540 | Bailey   | Noticed a deep elf mage
  6549 | Bailey   | HP: 10/66 [deep elf mage/bolt of lightning (37)]
  6549 | Bailey   | Killed a deep elf mage
  6553 | Bailey   | Killed a deep elf mage
  6553 | Bailey   | Reached skill level 5 in Invocations
  6565 | Bailey   | Killed a deep elf mage
  6565 | Bailey   | Reached skill level 7 in Spellcasting
  6565 | Bailey   | Reached XP level 10. HP: 24/73 MP: 8/20
  6572 | Bailey   | Noticed a deep elf mage
  6577 | Bailey   | HP: 14/73 [deep elf mage/bolt of magma (13)]
  6581 | Bailey   | Killed a deep elf mage
  6581 | Bailey   | Reached skill level 4 in Hexes
  6581 | Bailey   | Reached skill level 4 in Charms
  6581 | Bailey   | Reached skill level 4 in Summonings
  6581 | Bailey   | Reached skill level 4 in Necromancy
  6581 | Bailey   | Reached skill level 4 in Translocations
  6581 | Bailey   | Reached skill level 4 in Transmutations
  6581 | Bailey   | Reached skill level 4 in Fire Magic
  6581 | Bailey   | Reached skill level 4 in Air Magic
  6581 | Bailey   | Reached skill level 4 in Earth Magic
  6581 | Bailey   | Reached skill level 4 in Poison Magic
  6589 | Bailey   | Killed a deep elf mage
  6888 | Bailey   | Noticed a deep elf archer
  6892 | Bailey   | Killed a deep elf archer
  6892 | Bailey   | Reached skill level 5 in Fighting
  6892 | Bailey   | Reached skill level 5 in Short Blades
  6892 | Bailey   | Reached skill level 5 in Long Blades
  6892 | Bailey   | Reached skill level 5 in Axes
  6892 | Bailey   | Reached skill level 5 in Maces & Flails
  6892 | Bailey   | Reached skill level 5 in Polearms
  6892 | Bailey   | Reached skill level 5 in Staves
  6892 | Bailey   | Reached skill level 5 in Slings
  6892 | Bailey   | Reached skill level 5 in Bows
  6892 | Bailey   | Reached skill level 5 in Crossbows
  6892 | Bailey   | Reached skill level 5 in Throwing
  6892 | Bailey   | Reached skill level 5 in Armour
  6892 | Bailey   | Reached skill level 5 in Shields
  6892 | Bailey   | Reached skill level 5 in Unarmed Combat
  6892 | Bailey   | Reached skill level 7 in Ice Magic
  6892 | Bailey   | Reached skill level 5 in Evocations
  6993 | Bailey   | Noticed a deep elf mage
  7000 | Bailey   | Killed a deep elf mage
  7000 | Bailey   | Reached skill level 7 in Dodging
  7108 | Bailey   | Noticed a deep elf mage
  7108 | Bailey   | Noticed a deep elf mage
  7108 | Bailey   | Noticed a deep elf mage
  7110 | Bailey   | Killed a deep elf mage
  7111 | Bailey   | Killed a deep elf mage
  7111 | Bailey   | Reached skill level 5 in Conjurations
  7111 | Bailey   | Reached skill level 6 in Invocations
  7112 | Bailey   | Killed a deep elf mage
  7112 | Bailey   | Reached skill level 7 in Stealth
  7180 | D:8      | Found an ornate altar of the Wu Jian Council.
  7355 | D:8      | Found Qagox's Magic Scroll Shoppe.
  7523 | D:8      | Reached XP level 11. HP: 52/81 MP: 11/22
  7568 | D:8      | Noticed a white ugly thing
  7606 | D:8      | Killed a white ugly thing
  7770 | D:8      | Found Atistuga's Armour Shoppe.
  7799 | D:8      | Noticed a two-headed ogre
  7812 | D:8      | Killed a two-headed ogre
  7941 | D:8      | Found Ecyc's Gadget Boutique.
  8011 | D:8      | Found a sparkling altar of Nemelex Xobeh.
  8262 | D:8      | Reached skill level 6 in Fighting
  8262 | D:8      | Reached skill level 6 in Short Blades
  8262 | D:8      | Reached skill level 6 in Long Blades
  8262 | D:8      | Reached skill level 6 in Axes
  8262 | D:8      | Reached skill level 6 in Maces & Flails
  8262 | D:8      | Reached skill level 6 in Polearms
  8262 | D:8      | Reached skill level 6 in Staves
  8262 | D:8      | Reached skill level 6 in Slings
  8262 | D:8      | Reached skill level 6 in Bows
  8262 | D:8      | Reached skill level 6 in Crossbows
  8262 | D:8      | Reached skill level 6 in Throwing
  8262 | D:8      | Reached skill level 6 in Armour
  8262 | D:8      | Reached skill level 6 in Shields
  8262 | D:8      | Reached skill level 6 in Unarmed Combat
  8262 | D:8      | Reached skill level 6 in Evocations
  8732 | D:9      | Reached skill level 5 in Hexes
  8732 | D:9      | Reached skill level 5 in Charms
  8732 | D:9      | Reached skill level 5 in Summonings
  8732 | D:9      | Reached skill level 5 in Necromancy
  8732 | D:9      | Reached skill level 5 in Translocations
  8732 | D:9      | Reached skill level 5 in Transmutations
  8732 | D:9      | Reached skill level 5 in Fire Magic
  8732 | D:9      | Reached skill level 5 in Air Magic
  8732 | D:9      | Reached skill level 5 in Earth Magic
  8732 | D:9      | Reached skill level 5 in Poison Magic
  9087 | D:9      | Reached skill level 8 in Spellcasting
  9109 | D:9      | Noticed a two-headed ogre
  9124 | D:9      | Killed a two-headed ogre
  9196 | D:9      | Found a staircase to the Lair.
  9506 | Lair:1   | Entered Level 1 of the Lair of Beasts
  9542 | Lair:1   | Noticed Prince Ribbit
  9670 | Lair:1   | Noticed Fannar
  9679 | Lair:1   | Noticed Grum
  9747 | Lair:1   | Killed Prince Ribbit
  9774 | D:9      | HP: 17/81 [wolf[Grum] (7)]
  9781 | D:9      | HP: 13/81 [wolf[Grum] (6)]
  9786 | D:9      | HP: 10/81 [wolf[Grum] (4)]
 10201 | Lair:1   | Killed Grum
 10471 | D:9      | HP: 20/82 [ice beast[Fannar] (11)]
 10472 | D:9      | HP: 3/82 [Fannar/bolt of cold (26)]
 10843 | D:9      | Killed Fannar
 10843 | D:9      | Reached skill level 8 in Dodging
 10843 | D:9      | Reached skill level 7 in Invocations
 11102 | Lair:1   | Noticed a six-headed hydra
 11108 | Lair:1   | Killed a six-headed hydra
 11850 | Lair:1   | Reached skill level 6 in Conjurations
 12018 | Lair:1   | Reached ** piety under Ashenzari
 12090 | Lair:1   | Reached skill level 8 in Stealth
 12092 | Lair:1   | Reached XP level 12. HP: 89/89 MP: 9/24
 12518 | Lair:1   | Reached skill level 8 in Ice Magic
 13041 | Lair:2   | Reached skill level 7 in Fighting
 13041 | Lair:2   | Reached skill level 7 in Short Blades
 13041 | Lair:2   | Reached skill level 7 in Long Blades
 13041 | Lair:2   | Reached skill level 7 in Axes
 13041 | Lair:2   | Reached skill level 7 in Maces & Flails
 13041 | Lair:2   | Reached skill level 7 in Polearms
 13041 | Lair:2   | Reached skill level 7 in Staves
 13041 | Lair:2   | Reached skill level 7 in Slings
 13041 | Lair:2   | Reached skill level 7 in Bows
 13041 | Lair:2   | Reached skill level 7 in Crossbows
 13041 | Lair:2   | Reached skill level 7 in Throwing
 13041 | Lair:2   | Reached skill level 7 in Armour
 13041 | Lair:2   | Reached skill level 7 in Shields
 13041 | Lair:2   | Reached skill level 7 in Unarmed Combat
 13041 | Lair:2   | Reached skill level 7 in Evocations
 13120 | Lair:2   | Identified a scroll of acquirement
 13120 | Lair:2   | Identified the cursed +2 pair of gloves "Lialaffa" {rC+ rCorr Int+2} (You acquired it on level 2 of the Lair of Beasts)
 13322 | Lair:2   | Reached *** piety under Ashenzari
 13329 | Lair:2   | Noticed Gastronok
 13339 | Lair:2   | Killed Gastronok
 13789 | Lair:2   | Reached skill level 6 in Hexes
 13789 | Lair:2   | Reached skill level 6 in Charms
 13789 | Lair:2   | Reached skill level 6 in Summonings
 13789 | Lair:2   | Reached skill level 6 in Necromancy
 13789 | Lair:2   | Reached skill level 6 in Translocations
 13789 | Lair:2   | Reached skill level 6 in Transmutations
 13789 | Lair:2   | Reached skill level 6 in Fire Magic
 13789 | Lair:2   | Reached skill level 6 in Air Magic
 13789 | Lair:2   | Reached skill level 6 in Earth Magic
 13789 | Lair:2   | Reached skill level 6 in Poison Magic
 14297 | Lair:3   | Found a staircase to the Swamp.
 14310 | Lair:3   | Reached skill level 8 in Invocations
 14458 | Lair:3   | Noticed Nergalle
 14467 | Lair:3   | Killed Nergalle
 14467 | Lair:3   | Reached skill level 9 in Spellcasting
 14600 | Lair:3   | Noticed an eight-headed hydra
 14618 | Lair:3   | Killed an eight-headed hydra
 14662 | Lair:3   | Noticed a death yak
 14666 | Lair:3   | Noticed a death yak
 14669 | Lair:3   | Noticed a death yak
 14800 | Lair:2   | Killed a death yak
 14945 | Lair:2   | Killed a death yak
 15027 | Lair:3   | Killed a death yak
 15349 | Lair:3   | Noticed Harold
 15367 | Lair:3   | Killed Harold
 15640 | Lair:3   | Reached skill level 9 in Dodging
 15792 | Lair:3   | Found a hole to the Spider Nest.
 15919 | Lair:3   | Reached **** piety under Ashenzari
 16250 | Lair:4   | Reached XP level 13. HP: 88/98 MP: 12/26
 16752 | Lair:4   | Reached skill level 9 in Stealth
 16755 | Lair:4   | Noticed Urug
 16773 | Lair:4   | Killed Urug
 16908 | Lair:4   | Gained mutation: Your flesh is heat resistant. (rF+) [potion of mutation]
 16908 | Lair:4   | Gained mutation: You are dopey. (Int -2) [potion of mutation]
 16908 | Lair:4   | Gained mutation: You possess an exceptional clarity of mind. [potion of mutation]
 16908 | Lair:4   | Gained mutation: Your spells are a little harder to cast, but a little more powerful. [potion of mutation]
 17062 | Lair:4   | Reached skill level 7 in Conjurations
 17100 | Lair:4   | Learned a level 5 spell: Borgnjor's Vile Clutch
 17635 | Lair:5   | Reached skill level 8 in Fighting
 17635 | Lair:5   | Reached skill level 8 in Short Blades
 17635 | Lair:5   | Reached skill level 8 in Long Blades
 17635 | Lair:5   | Reached skill level 8 in Axes
 17635 | Lair:5   | Reached skill level 8 in Maces & Flails
 17635 | Lair:5   | Reached skill level 8 in Polearms
 17635 | Lair:5   | Reached skill level 8 in Staves
 17635 | Lair:5   | Reached skill level 8 in Slings
 17635 | Lair:5   | Reached skill level 8 in Bows
 17635 | Lair:5   | Reached skill level 8 in Crossbows
 17635 | Lair:5   | Reached skill level 8 in Throwing
 17635 | Lair:5   | Reached skill level 8 in Armour
 17635 | Lair:5   | Reached skill level 8 in Shields
 17635 | Lair:5   | Reached skill level 8 in Unarmed Combat
 17635 | Lair:5   | Reached skill level 8 in Evocations
 17813 | Lair:5   | Noticed Josephine
 17840 | Lair:5   | Killed Josephine
 18347 | Lair:6   | Entered Level 6 of the Lair of Beasts
 18378 | Lair:6   | Reached skill level 9 in Invocations
 18548 | Lair:6   | Noticed Jynxie's ghost (journeyman DsGl)
 18859 | Lair:6   | Killed Jynxie's ghost
 19213 | Lair:6   | Reached skill level 7 in Hexes
 19213 | Lair:6   | Reached skill level 7 in Charms
 19213 | Lair:6   | Reached skill level 7 in Summonings
 19213 | Lair:6   | Reached skill level 7 in Necromancy
 19213 | Lair:6   | Reached skill level 7 in Translocations
 19213 | Lair:6   | Reached skill level 7 in Transmutations
 19213 | Lair:6   | Reached skill level 7 in Fire Magic
 19213 | Lair:6   | Reached skill level 9 in Ice Magic
 19213 | Lair:6   | Reached skill level 7 in Air Magic
 19213 | Lair:6   | Reached skill level 7 in Earth Magic
 19213 | Lair:6   | Reached skill level 7 in Poison Magic
 19616 | Lair:6   | Noticed a fire dragon
 19629 | Lair:6   | Killed a fire dragon
 19899 | Lair:6   | Reached skill level 10 in Spellcasting
 20011 | Lair:6   | Found a viscous altar of Jiyva.
 20012 | Lair:6   | Found a staircase to the Slime Pits.
 20071 | Lair:6   | Reached ***** piety under Ashenzari
 20111 | Lair:6   | Reached XP level 14. HP: 103/106 MP: 15/28
 20504 | Lair:6   | Reached skill level 10 in Dodging
 21313 | Lair:6   | Learned a level 5 spell: Lee's Rapid Deconstruction
 21505 | D:10     | Entered Level 10 of the Dungeon
 21567 | D:10     | Reached skill level 9 in Fighting
 21567 | D:10     | Reached skill level 9 in Short Blades
 21567 | D:10     | Reached skill level 9 in Long Blades
 21567 | D:10     | Reached skill level 9 in Axes
 21567 | D:10     | Reached skill level 9 in Maces & Flails
 21567 | D:10     | Reached skill level 9 in Polearms
 21567 | D:10     | Reached skill level 9 in Staves
 21567 | D:10     | Reached skill level 9 in Slings
 21567 | D:10     | Reached skill level 9 in Bows
 21567 | D:10     | Reached skill level 9 in Crossbows
 21567 | D:10     | Reached skill level 9 in Throwing
 21567 | D:10     | Reached skill level 9 in Armour
 21567 | D:10     | Reached skill level 9 in Shields
 21567 | D:10     | Reached skill level 9 in Unarmed Combat
 21567 | D:10     | Reached skill level 9 in Evocations
 21693 | D:10     | Noticed Joseph
 21699 | D:10     | Killed Joseph
 21970 | D:10     | Noticed Erolcha
 21976 | D:10     | Reached skill level 10 in Stealth
 21998 | D:10     | Killed Erolcha
 23103 | D:11     | Reached skill level 8 in Conjurations
 23250 | D:11     | Reached skill level 10 in Invocations
 23702 | D:11     | Noticed Ratty's ghost (novice VSTm)
 23710 | D:11     | Killed Ratty's ghost
 25000 | D:12     | Found a glowing silver altar of Zin.
 25213 | D:12     | Found a staircase to the Orcish Mines.
 25663 | D:12     | Reached skill level 8 in Hexes
 25663 | D:12     | Reached skill level 8 in Charms
 25663 | D:12     | Reached skill level 8 in Summonings
 25663 | D:12     | Reached skill level 8 in Necromancy
 25663 | D:12     | Reached skill level 8 in Translocations
 25663 | D:12     | Reached skill level 8 in Transmutations
 25663 | D:12     | Reached skill level 8 in Fire Magic
 25663 | D:12     | Reached skill level 8 in Air Magic
 25663 | D:12     | Reached skill level 8 in Earth Magic
 25663 | D:12     | Reached skill level 8 in Poison Magic
 25785 | D:12     | Reached XP level 15. HP: 114/114 MP: 29/29
 26114 | Orc:1    | Entered Level 1 of the Orcish Mines
 26302 | Orc:1    | Reached ****** piety under Ashenzari
 26395 | Orc:1    | HP: 28/114 [troll (5)]
 26962 | Orc:2    | Entered Level 2 of the Orcish Mines
 26962 | Orc:2    | Found Lepigy's Jewellery Boutique.
 27050 | Orc:2    | Bought the ring of Okufinye {rPois MR+ Str+5 Int+3} for 835 gold pieces
 27076 | Orc:2    | Found a roughly hewn altar of Beogh.
 27163 | Orc:2    | Found a roughly hewn altar of Beogh.
 27213 | Orc:2    | Found a burning altar of Makhleb.
 27341 | Orc:2    | Found a roughly hewn altar of Beogh.
 27373 | Orc:2    | Found Quirgh's Antique Weapon Shoppe.
 27415 | Orc:2    | Noticed an orc warlord
 27741 | Orc:2    | Killed an orc warlord
 28055 | Orc:2    | Found a staircase to the Elven Halls.
 28174 | Orc:2    | Found a roughly hewn altar of Beogh.
 28391 | Orc:2    | Noticed Saint Roka
 28627 | Orc:2    | Killed Saint Roka
 28627 | Orc:2    | Reached skill level 11 in Spellcasting
 28627 | Orc:2    | Reached skill level 10 in Ice Magic
 28842 | Orc:2    | Found Eraj's Antique Weapon Shoppe.
 28843 | Orc:2    | Found a roughly hewn altar of Beogh.
 28846 | Orc:2    | Found Vurec's Antique Armour Emporium.
 28895 | Orc:2    | Found a roughly hewn altar of Beogh.
 28901 | Orc:2    | Found Dugixt's Jewellery Boutique.
 28921 | Orc:2    | Bought the ring of Amumeryu {rElec rF+ rN+ Int+4 Slay+3} for 963 gold pieces
 28983 | Orc:2    | Bought a dazzling trident for 229 gold pieces
 28983 | Orc:2    | Identified the +7 trident "Orb Guardian's Doom" {drain, rPois} (You bought it in a shop on level 2 of the Orcish Mines)
 29138 | D:8      | Bought an iridescent war axe for 306 gold pieces
 29138 | D:8      | Identified the cursed +1 war axe of Dullness {freeze, rElec Stlth+} (You bought it in a shop on level 8 of the Dungeon)
 29365 | D:13     | Identified the +8 long sword of Doom {drain, *Drain Int-5 Dex+8}
 29405 | D:13     | Reached skill level 10 in Fighting
 29405 | D:13     | Reached skill level 10 in Short Blades
 29405 | D:13     | Reached skill level 10 in Long Blades
 29405 | D:13     | Reached skill level 10 in Axes
 29405 | D:13     | Reached skill level 10 in Maces & Flails
 29405 | D:13     | Reached skill level 10 in Polearms
 29405 | D:13     | Reached skill level 10 in Staves
 29405 | D:13     | Reached skill level 10 in Slings
 29405 | D:13     | Reached skill level 10 in Bows
 29405 | D:13     | Reached skill level 10 in Crossbows
 29405 | D:13     | Reached skill level 10 in Throwing
 29405 | D:13     | Reached skill level 10 in Armour
 29405 | D:13     | Reached skill level 10 in Shields
 29405 | D:13     | Reached skill level 10 in Unarmed Combat
 29405 | D:13     | Reached skill level 10 in Evocations
 29736 | D:13     | Reached skill level 11 in Dodging
 30020 | D:13     | Learned a level 2 spell: Passwall
 30053 | D:13     | Found a gate to the Vaults.
 30328 | D:13     | Reached skill level 11 in Invocations
 31145 | D:14     | Reached skill level 11 in Stealth
 31285 | D:14     | Found the cursed +0 sword of Power
 31355 | D:14     | Reached skill level 9 in Conjurations
 31460 | D:14     | Learned a level 5 spell: Summon Mana Viper
 31877 | D:15     | Entered Level 15 of the Dungeon
 31880 | D:15     | Reached XP level 16. HP: 122/122 MP: 18/31
 32200 | D:15     | Gained mutation: Armour fits poorly on your strangely shaped body. [a shining eye]
 32201 | D:15     | Lost mutation: Your spells are a little harder to cast, but a little more powerful. [a shining eye]
 32203 | D:15     | Gained mutation: You are very dopey. (Int -4) [a shining eye]
 32335 | D:15     | HP: 27/123 [gargoyle/flail (15)]
 32727 | D:15     | Found Heaskani's General Store.
 32758 | D:15     | HP: 22/123 [centaur warrior/arrow (16)]
 32764 | D:15     | HP: 16/123 [centaur warrior/arrow (14)]
 32764 | D:15     | HP: 7/123 [guardian mummy (9)]
 32765 | D:15     | Mangled by a guardian mummy

Vanquished Creatures
  Saint Roka (Orc:2)
  The ghost of Jynxie the Cruncher, a journeyman DsGl of Makhleb (Lair:6)
  Josephine (Lair:5)
  Erolcha (D:10)
  Harold (Lair:3)
  Fannar (D:9)
  A fire dragon (Lair:6)
  4 vault guards (D:13)
  2 hydras
  2 centaur warriors
  11 two-headed ogres
  2 tengu warriors (D:14)
  Urug (Lair:4)
  An orc high priest (Orc:2)
  Nergalle (Lair:3)
  The ghost of Ratty the Transmogrifier, a novice VSTm of Makhleb (D:11)
  2 unseen horrors
  A swamp dragon (Lair:6)
  A wolf spider zombie (D:14)
  An orb spider (Lair:3)
  A wolf spider (D:15)
  6 deep elf magi (Bailey)
  A shining eye (shapeshifter) (D:15)
  9 ugly things
  3 manticores
  3 orc knights
  4 orc sorcerers
  3 cyclopes
  A salamander (shapeshifter) (D:15)
  3 elephants (Lair:6)
  4 black mambas
  Joseph (D:10)
  2 gargoyles
  4 ice statues (D:11)
  5 spiny frogs
  A centaur skeleton (D:14)
  An efreet (D:15)
  6 komodo dragons
  3 kobold demonologists
  3 rime drakes
  6 trolls
  A yaktaur (D:13)
  9 polar bears (Lair:6)
  A tengu conjurer (D:13)
  A hornet (D:8)
  14 blink frogs
  2 raiju (Lair:6)
  14 slime creatures
  4 hippogriffs
  A spriggan (D:11)
  2 water elementals (D:13)
  2 shadows
  A vampire (D:11)
  4 wyverns
  A human (D:13)
  A wraith (D:11)
  14 yaks
  2 hungry ghosts (D:12)
  6 basilisks
  A steam dragon (D:13)
  7 vampire mosquitoes
  Grum (Lair:1)
  6 wargs
  3 acid dragons (Lair:6)
  11 water moccasins
  10 hell hounds (Lair:6)
  2 swamp drakes (Lair:6)
  5 porcupines
  33 orc warriors
  7 sky beasts
  14 ice beasts
  13 black bears
  An eye of draining (D:13)
  8 ogres
  A necrophage (D:13)
  16 wolves
  12 centaurs
  3 phantoms
  5 boggarts (D:15)
  15 crocodiles
  3 big kobolds
  11 bullfrogs
  2 gnoll sergeants
  4 scorpions
  7 killer bees
  14 wights
  7 electric eels
  8 crimson imps
  3 howler monkeys (D:13)
  A bullfrog zombie (D:8)
  A quasit (D:14)
  3 centaur zombies
  A jelly (D:5)
  25 orc priests
  8 hounds
  A gnoll shaman (D:7)
  27 orc wizards
  2 bullfrog skeletons
  2 iguanas
  17 worker ants
  2 hound skeletons
  A hound zombie (D:7)
  A howler monkey skeleton (D:9)
  9 gnolls
  11 adders
  6 shadow imps
  An ooze (D:3)
  3 adder zombies
  2 adder skeletons
  3 worms
  3 dart slugs
  3 leopard geckos
  96 orcs
  A ball python (D:2)
  6 giant cockroaches
  9 goblins
  8 hobgoblins
  6 jackals (D:2)
  3 quokkas
  9 bats
  3 frilled lizards
  16 kobolds
  2 quokka skeletons
  2 quokka zombies
  A rat (shapeshifter) (D:14)
  6 rats
  A plant (Lair:3)
722 creatures vanquished.

Vanquished Creatures (collateral kills)
  Gastronok (Lair:2)
  An orc warlord (Orc:2)
  4 hydras
  2 two-headed ogres
  3 death yaks
  A swamp dragon (Lair:3)
  4 deep elf magi (Bailey)
  3 ugly things
  2 cyclopes (D:11)
  3 elephants (Lair:6)
  3 black mambas (Lair:6)
  A gargoyle (D:11)
  4 spiny frogs
  2 trolls
  A komodo dragon (D:9)
  A polar bear (Lair:5)
  7 blink frogs
  Prince Ribbit (Lair:1)
  3 hippogriffs
  3 wraiths (Lair:5)
  A wyvern (Lair:4)
  14 yaks
  3 vampire mosquitoes (Lair:3)
  3 hungry ghosts
  3 wargs
  3 hell hounds (Lair:6)
  2 porcupines
  2 orc warriors
  6 water moccasins
  An ice beast (D:7)
  A sky beast (D:9)
  4 black bears (Lair:6)
  An eye of draining (D:11)
  2 ogres
  7 wolves
  2 crocodiles (Lair:3)
  A big kobold (D:9)
  3 bullfrogs
  5 killer bees (D:8)
  2 wights (D:9)
  A crimson imp (D:8)
  An orc priest (Orc:2)
  2 orc wizards
  A worker ant (D:8)
  A killer bee zombie (D:8)
  A hound skeleton (D:7)
  2 mummies (D:15)
  A gnoll (D:10)
  2 worms (D:7)
  A leopard gecko (D:8)
  15 orcs
  7 kobolds (D:9)
  2 quokkas
  A leopard gecko skeleton (D:8)
  2 rats (D:7)
156 creatures vanquished.

Vanquished Creatures (others)
  A deep elf archer (Bailey)
  A cyclops (D:14)
  2 orcs
  A kobold (D:10)
  39 bushes (D:15)
  A fungus (Lair:6)
  21 plants (Lair:6)
66 creatures vanquished.

Grand Total: 944 creatures vanquished
